 Dungeon Crawl Stone Soup version 0.29-a0-307-gecccbbdb84 (webtiles) character file.

Game seed: 2413634920166567866

123 jmlagarto the Sneak (level 4, 0/23 HPs)
             Began as a Spriggan Brigand on Mar 27, 2022.
             Slain by Natasha (1 damage)
             ... on level 3 of the Dungeon.
             The game lasted 00:06:11 (2343 turns).

jmlagarto the Sneak (Spriggan Brigand)              Turns: 2343, Time: 00:06:11

Health: 0/23       AC:  3    Str:  7    XL:     4   Next: 80%
Magic:  6/6        EV: 17    Int: 12    God:
Gold:   126        SH:  0    Dex: 18    Spells: 5/5 levels left

rFire   . . .      SeeInvis +   r - +3 dagger
rCold   . . .      Faith    .   (no shield)
rNeg    . . .      Spirit   .   b - +0 robe
rPois   .          Reflect  .   (helmet restricted)
rElec   .          Harm     .   c - +0 cloak
rCorr   .          Rampage  .   (gloves unavailable)
Will    .....                   (boots unavailable)
Stlth   ++++......              (no amulet)
HPRegen 0.07/turn               (no ring)
MPRegen 0.10/turn               (no ring)

@: slowed, quick
A: very small, no large weapons, unfitting armour, see invisible, speed 3
a: no special abilities


You were on level 3 of the Dungeon.
You visited 1 branch of the dungeon, and saw 3 of its levels.

You collected 149 gold pieces.
You spent 23 gold pieces at shops.

Inventory:

Hand Weapons
 r - a +3 dagger (weapon)
Missiles
 a - 2 boomerangs (quivered)
 e - 2 curare-tipped darts
 h - 94 stones
 l - 12 atropa-tipped darts
 q - 3 datura-tipped darts
Armour
 b - a +0 robe (worn)
 c - a +0 cloak (worn)
Jewellery
 o - an amulet of magic regeneration
 s - a ring of ice
Scrolls
 f - a scroll of holy word {unknown}
 i - a scroll of vulnerability {unknown}
 j - a scroll of enchant weapon {unknown}
 k - 2 scrolls of identify {unknown}
 m - a scroll of magic mapping {unknown}
 p - a scroll of teleportation {unknown}
Potions
 g - a potion of curing {unknown}
 n - a potion of haste {unknown}
 t - a potion of brilliance {unknown}


   Skills:
 + Level 2.1 Fighting
 + Level 2.7 Short Blades
 + Level 2.6 Throwing
 + Level 2.5 Dodging
 + Level 6.6 Stealth
 + Level 1.2 Spellcasting
 + Level 1.3 Hexes
 + Level 0.7 Ice Magic


You had 5 spell levels left.
You didn't know any spells.
Your spell library contained the following spells:

 Spells                   Type           Power      Damage    Failure   Level
 Ensorcelled Hibernation  Hex/Ice        6%         N/A       28%         2
 Passwall                 Tmut/Erth      0%         N/A       41%         2
 Scorch                   Fire           0%         2d5       41%         2
 Swiftness                Air            0%         N/A       65%         3
 Flame Wave               Conj/Fire      0%         2d4       96%         4
 Summon Mana Viper        Hex/Summ       2%         N/A       99%         5
 Summon Cactus Giant      Summ           0%         N/A       100%        6


Dungeon Overview and Level Annotations

Branches:
Dungeon (3/15)

Altars:

Shops:
D:2 (

Annotations:
D:3 Natasha


Innate Abilities, Weirdness & Mutations

You are very small and have problems with some larger weapons.
You are too small for most types of armour.
You have supernaturally acute eyesight. (SInv)
You cover ground extremely quickly. (Speed+++)


Message History

You throw a poisoned dart. The poisoned dart misses Natasha.
Natasha hisses angrily.
You throw a poisoned dart. The poisoned dart hits Natasha.
Natasha is poisoned.
Natasha casts a spell at you. The magic dart hits you!
Natasha is nearby!
You throw a poisoned dart.
The poisoned dart closely misses Natasha.
Natasha zaps a wand.
The puff of flame misses you.
You throw a poisoned dart. The poisoned dart hits Natasha.
Natasha is lightly wounded.
Natasha mumbles some strange words.
You throw a poisoned dart. The poisoned dart hits the white imp.
The white imp is poisoned.
Natasha looks more healthy.
You throw a poisoned dart. The poisoned dart hits the white imp.
The white imp gestures at you. The puff of frost misses you.
You throw a boomerang. The boomerang hits Natasha.
Natasha is heavily wounded.
Natasha zaps a wand.
The puff of flame hits you!
You are too injured to fight recklessly!
You barely miss Natasha.
Natasha is heavily wounded.
Natasha stares at you and mumbles some strange words.
You feel yourself slow down.
You closely miss Natasha.
Natasha is heavily wounded.
The white imp looks more healthy.
The white imp shouts, "Back with thee, thou horrid hell-hated fleecer!"
The white imp closely misses you.
Natasha zaps a wand.
The puff of flame misses you. The white imp misses you.
You closely miss Natasha.
Natasha is heavily wounded.
Natasha closely misses you. The white imp closely misses you.
You miss Natasha.
Natasha is heavily wounded.
Natasha zaps a wand.
The puff of flame hits you!
* * * LOW HITPOINT WARNING * * *
The white imp misses you. Natasha claws you.
You die...

#...........# #.
#...........#
#.###...........#
#..##...........# #####
#)##...........# #....
#....########### #....
#.##.#
###....##..#.##########
#.....5@...#..........#
#.#...h###.#.##.......#
#..(. #...##.......#
#(((. ##..##.......#
#.... #.>.........#
#.... #####.......#
#.... #.......# #(...
#.......# #.......#


You could see Natasha and a white imp (summoned).

Vanquished Creatures
  Natasha (D:3)
  4 adders
  A worm (D:2)
  A dart slug (D:1)
  6 bats
  6 endoplasms
  4 giant cockroaches
  4 hobgoblins
  6 jackals
  A quokka (D:2)
  4 ball pythons
  2 frilled lizards
  4 goblins
  8 kobolds
  2 rats
54 creatures vanquished.

Notes
Turn   | Place    | Note
-------+----------+-------------------------------------------
     0 | D:1      | jmlagarto the Spriggan Brigand began the quest for the Orb.
     0 | D:1      | Reached XP level 1. HP: 10/10 MP: 2/2
   115 | D:1      | Reached skill level 6 in Stealth
   119 | D:1      | Reached XP level 2. HP: 12/15 MP: 3/3
   626 | D:1      | Reached XP level 3. HP: 18/18 MP: 4/4
   746 | D:2      | Found a faded altar of an unknown god.
   756 | D:2      | Got the Collected Works on Hexes and Fire
   800 | D:2      | Found Wezoezice's Weapon Boutique.
   806 | D:2      | Bought 3 atropa-tipped darts for 23 gold pieces
  1233 | D:2      | Reached skill level 1 in Hexes
  1357 | D:2      | Reached XP level 4. HP: 21/23 MP: 5/5
  1619 | D:2      | Identified the +0 scale mail "Qokisa Weruo" {rC+}
  2022 | D:3      | Noticed Natasha
  2051 | D:3      | Killed Natasha
  2052 | D:3      | Reached skill level 1 in Spellcasting
  2331 | D:3      | Noticed Natasha
  2343 | D:3      | HP: 1/23 [Natasha/puff of flame (7)]
  2343 | D:3      | Slain by Natasha

Illustrated notes

Levels and vault maps discovered:
D:1:      mrwooster_arrival_statue_2, layout_rooms, chequers_jeans
D:2:      layout_basic, hellmonk_ecumenical_altar_zigzags, serial_shops,
          nicolae_shop_hallway_plus
D:3:      layout_basic, elyvilon_altar_3, general_overflow_altar,
          feat_on_display, uniq_natasha

Skill      XL: |  1  2  3  4 |
---------------+-------------+-----
Stealth        | 6 |  6.6
Dodging        | 2 |  2.5
Fighting       | 2 |  2.1
Hexes          | 1 |  1.3
Spellcasting   | 1 |  1.2
Short Blades   | |  2.7
Throwing       | |  2.6
Ice Magic      | |  0.7

Action                   |  1- 3 |  4- 6 || total
-------------------------+-------+-------++-------
Melee: Dagger            |    86 |    27 ||   113
Throw: Dart              |    33 |    11 ||    44
       Boomerang         |       |     1 ||     1
 Stab: Sleeping          |    10 |     6 ||    16
Armor: Robe              |    13 |     2 ||    15
Dodge: Dodged            |    55 |    15 ||    70

Table legend: (Time is in decaauts)
 A = Elapsed time spent in this place.
 B = Non-inter-level travel time spent in this place.
 C = Inter-level travel time spent in this place.
 D = Time resting spent in this place.
 E = Time spent auto-exploring this place.
 F = Levels seen in this place.
 G = Mean time per level.
                   A        B        C        D        E       F      G
               +--------+--------+--------+--------+--------+-----+--------+
         Total |   1754 |   1704 |     50 |      7 |   1336 |   3 |  584.7 |
       Dungeon |   1754 |   1704 |     50 |      7 |   1336 |   3 |  584.7 |
               +--------+--------+--------+--------+--------+-----+--------+

Top non-repeatable levels by time:
     D:2: 711 daAuts
     D:1: 537 daAuts
     D:3: 505 daAuts
